 Dungeon Crawl Stone Soup version 0.29.1-15-g9cfb28693d (webtiles) character file.

Game seed: 17850694550765595899

169 leafyfresh the Covert (level 5, -3/36 HPs)
             Began as an Octopode Delver on Feb 25, 2023.
             Slain by a gnoll
             ... wielding a +0 spear
              (6 damage)
             ... on level 4 of the Dungeon.
             The game lasted 00:01:05 (756 turns).

leafyfresh the Covert (Octopode Delver)              Turns: 756, Time: 00:01:06

Health: -3/36      AC:  1    Str: 11    XL:     5   Next: 50%
Magic:  5/5        EV: 13    Int: 15    God:
Gold:   0          SH:  0    Dex: 13    Spells: 4/4 levels left

rFire   . . .      SeeInvis .   a - +0 short sword
rCold   . . .      Faith    .   (no shield)
rNeg    . . .      Spirit   .   (helmet restricted)
rPois   .          Reflect  .   (no amulet)
rElec   .          Harm     .   (no ring)
rCorr   .          Rampage  .   (no ring)
Will    .....                   (no ring)
Stlth   +++++.....              (no ring)
HPRegen 0.12/turn               (no ring)
MPRegen 0.09/turn               (no ring)
                                (no ring)
                                (no ring)

@: no status effects
A: almost no armour, amphibious, 8 rings, camouflage 1, gelatinous body 1,
(nimble swimmer 1), tentacles
a: no special abilities


You were on level 4 of the Dungeon.
You visited 1 branch of the dungeon, and saw 2 of its levels.

Inventory:

Hand Weapons
 a - a +0 short sword (weapon)
Wands
 f - a wand of digging (3)
Scrolls
 b - a scroll of fog
 c - a scroll of magic mapping
 d - a scroll of fear
 g - 3 scrolls of identify {unknown}
 h - 2 scrolls of enchant armour {unknown}


   Skills:
 - Level 3.0 Fighting
 - Level 2.0 Short Blades
 - Level 2.0 Dodging
 + Level 10.0 Stealth


You had 4 spell levels left.
You didn't know any spells.
Your spell library was empty.

Dungeon Overview and Level Annotations

Branches:
Dungeon (5/15)
 Temple: D:4-7

Altars:

Annotations:
D:4 Natasha


Innate Abilities, Weirdness & Mutations

You cannot wear most types of armour.
You are amphibious.
You can wear up to eight rings at the same time.
Your skin changes colour to match your surroundings (Stealth+).
Your rubbery body absorbs attacks. (AC +1, EV +1)
((You are camouflaged when in or above water. (Stealth+)))
You have tentacles for arms and can constrict up to eight enemies at once.


Message History

A goblin comes into view. It is wielding a +0 dagger.
You start resting.
HP restored.
You start waiting.
Done waiting.
You start waiting.
Done waiting.
You start waiting.
Done waiting.
A gnoll comes into view. It is wielding a +0 spear.
A gnoll comes into view. It is wielding a +0 whip.
There are monsters nearby!
The gnoll shouts! x2; You hear a shout!
A gnoll comes into view. It is wielding a +0 halberd.
The gnoll shouts!
There are monsters nearby!
Unknown command.
A gnoll comes into view. It is wielding a +0 flail.
The gnoll hits you with a +0 halberd! The gnoll barely misses you.
You hit the gnoll but do no damage. You grab the gnoll. You squeeze the gnoll!
The gnoll is severely wounded.
You constrict the gnoll. The gnoll closely misses you.
The gnoll hits you from afar with a +0 spear.
You barely miss the gnoll.
The gnoll is severely wounded.
You constrict the gnoll. The gnoll hits you with a +0 halberd.
The gnoll hits you from afar with a +0 spear.
* * * LOW HITPOINT WARNING * * *
You hit the gnoll.
You kill the gnoll!
The gnoll hits you from afar with a +0 spear.
* * * LOW HITPOINT WARNING * * *
Your Stealth skill increases to level 10!
The gnoll misses you.
Things that are here:
a +0 halberd; a gnoll corpse Unknown command.
You barely miss the gnoll. Your grab misses the gnoll.
Your squeeze misses the gnoll. The gnoll hits you with a +0 spear.
You die...

#............
#######.#..........
..........h......
.. .######.##.....
... #..###.####...
##>...........
##### #####........
#.....#########
#.....###
#..ggg@...# #...###
#.#######.# #.#..#
# #.# #.##.#
#.###.# .# #.....#
# #######


You could see 3 gnolls.

Vanquished Creatures
  Sigmund (D:5)
  A gnoll (D:4)
  An endoplasm (D:4)
3 creatures vanquished.

Notes
Turn   | Place    | Note
-------+----------+-------------------------------------------
     0 | D:5      | leafyfresh the Octopode Delver began the quest for the Orb.
     0 | D:5      | Reached XP level 1. HP: 16/16 MP: 1/1
    31 | D:5      | Noticed Sigmund
    34 | D:5      | Noticed a phantom
    42 | D:5      | Killed Sigmund
    43 | D:5      | Reached skill level 9 in Stealth
    43 | D:5      | Reached XP level 2. HP: 21/21 MP: 2/2
    43 | D:5      | Reached XP level 3. HP: 26/26 MP: 3/3
    43 | D:5      | Reached XP level 4. HP: 31/31 MP: 4/4
    43 | D:5      | Reached XP level 5. HP: 36/36 MP: 5/5
   210 | D:4      | Noticed Natasha
   755 | D:4      | Reached skill level 10 in Stealth
   756 | D:4      | Slain by a gnoll

Illustrated notes

Levels and vault maps discovered:
D:4:      wad_pebble_path, layout_basic, mainiacjoe_overflow_alcove_1,
          overflow_temple_1_default, minmay_temple_entry_arrows, uniq_edmund,
          uniq_natasha
D:5:      layout_loops_ring, serial_shops, nicolae_shop_waterfront,
          kennysheep_small_circle, uniq_sigmund

Skill      XL: |  1  2  3  4  5 |
---------------+----------------+-----
Stealth        | 9 10 | 10.0
Fighting       | |  3.0
Short Blades   | |  2.0
Dodging        | |  2.0

Action                   |  1- 3 |  4- 6 || total
-------------------------+-------+-------++-------
Melee: Short sword       |     5 |    19 ||    24
       Constrict         |     1 |     1 ||     2
       Tentacles         |       |     3 ||     3
  Use: Potion            |       |     1 ||     1
 Stab: Sleeping          |     1 |       ||     1
Dodge: Dodged            |     2 |    10 ||    12
